 Dungeon Crawl Stone Soup version 0.24-a0-809-g71cb82dfb8 (webtiles) character file.

Game seed: 7867909995144285020, levelgen mode: deterministic

74 Holzbalken the Cudgeler (level 4, -3/33 HPs)
             Began as a Demonspawn Gladiator on Oct 11, 2019.
             Slain by a gnoll
             ... wielding a +0 spear
              (7 damage)
             ... on level 2 of the Dungeon.
             The game lasted 00:04:15 (1298 turns).

Holzbalken the Cudgeler (Demonspawn Gladiator)      Turns: 1298, Time: 00:04:15

Health: -3/33      AC:  4    Str: 16    XL:     4   Next: 9%
Magic:  4/4        EV: 12    Int:  9    God:
Gold:   89         SH:  0    Dex: 14    Spells: 3/3 levels left

rFire    . . .     SeeInvis .   a - +0 flail
rCold    . . .     Gourm    .   (no shield)
rNeg     . . .     Faith    .   b - +0 leather armour
rPois    .         Spirit   .   c - +0 helmet
rElec    .         Reflect  .   (no cloak)
rCorr    .         Harm     .   (no gloves)
MR       .....                  (no boots)
Stlth    +.........             (no amulet)
HPRegen  0.11/turn              (no ring)
MPRegen  0.09/turn              (no ring)

@: no status effects
A: claws 1, spiny 2
a: no special abilities


You were on level 2 of the Dungeon.
You were not hungry.

You visited 1 branch of the dungeon, and saw 3 of its levels.

You collected 89 gold pieces.

Inventory:

Hand Weapons
 a - a +0 flail (weapon)
 n - a +0 spear
   (You took it off a gnoll on level 1 of the Dungeon)
Missiles
 d - 3 throwing nets (quivered) {!f}
 m - 43 stones
Armour
 b - a +0 leather armour (worn)
 c - a +0 helmet (worn)
Scrolls
 g - a scroll of magic mapping {unknown}
 h - a scroll of noise {unknown}
 j - a scroll of blinking {unknown}
 l - 2 scrolls of remove curse {unknown}
 o - a scroll of fog {unknown}
 p - a scroll of immolation {unknown}
 q - 2 scrolls of identify {unknown}
 r - a scroll of fear {unknown}
Potions
 f - a potion of might {unknown}
 k - a potion of magic {unknown}
Comestibles
 e - 4 rations {!d}
 i - a chunk of flesh


   Skills:
 - Level 2.0 Fighting
 * Level 4.5 Maces & Flails
 - Level 1.7 Throwing
 - Level 2.6 Dodging


You had 3 spell levels left.
You didn't know any spells.
Your spell library was empty.

Dungeon Overview and Level Annotations

Branches:
Dungeon (3/15)

Altars:


Innate Abilities, Weirdness & Mutations

You have sharp fingernails.
You are mostly covered in sharp spines.


Message History

There is a stone staircase leading down here.
A bat and a rat come into view.
Found 10 arrows.
You hit the bat.
You kill the bat!
The rat twitches its whiskers.
You barely miss the rat. The rat closely misses you.
You hit the rat.
You kill the rat!
No target in view!
No target in view!
You butcher the bat corpse.
i - 2 chunks of flesh (gained 1)
You see here a bat skeleton. x2
A rat comes into view.
The rat is struck by your spines.
You kill the rat!
As you open the door, it creaks loudly!
A quokka and 2 gnolls come into view.
The gnoll shouts! x2
A gnoll comes into view. It is wielding a +0 flail.
Found 8 gold pieces.
Found a stone staircase leading up.
The quokka is struck by your spines. The quokka bites you.
You hit the quokka. The quokka barely misses you.
You closely miss the quokka. The quokka is struck by your spines.
You kill the quokka!
You thump the gnoll! The gnoll hits you with a +0 flail.
You hit the gnoll.
You kill the gnoll!
You thump the gnoll! The gnoll misses you.
You barely miss the gnoll. The gnoll hits you with a +0 club.
You hit the gnoll. The gnoll hits you with a +0 club!
* * * LOW HITPOINT WARNING * * *
You closely miss the gnoll. The gnoll hits you but does no damage.
You barely miss the gnoll. The gnoll hits you with a +0 club!
* * * LOW HITPOINT WARNING * * *
You sock the gnoll!
You kill the gnoll!
You have reached level 4!
You feel stronger.
Your demonic ancestry asserts itself...
Sharp spines emerge from more of your body.
You start resting.
Some of the chunks of flesh in your inventory have rotted away.
A gnoll comes into view. It is wielding a +0 spear.
The gnoll hits you from afar with a +0 spear.
* * * LOW HITPOINT WARNING * * *
The gnoll is struck by your spines. The gnoll hits you with a +0 spear.
* * * LOW HITPOINT WARNING * * *
You sock the gnoll! The gnoll hits you with a +0 spear!
You die...

#..g #$.. #.g.
#... ... ###
#'######.#
#.g).....#
#####g...# #@...#
#....#
#....#############
#................#
################.#
#.# #.. #.. #..


You could see a gnoll.

Vanquished Creatures
  4 gnolls
  An ooze (D:1)
  2 dart slugs (D:1)
  5 bats
  2 giant cockroaches (D:1)
  4 goblins (D:1)
  2 kobolds
  A quokka (D:2)
  A frilled lizard (D:2)
  5 rats
27 creatures vanquished.

Notes
Turn   | Place    | Note
-------+----------+-------------------------------------------
     0 | D:1      | Holzbalken the Demonspawn Gladiator began the quest for the
                  | Orb.
     0 | D:1      | Reached XP level 1. HP: 16/16 MP: 1/1
    91 | D:1      | Reached skill level 3 in Maces & Flails
    96 | D:1      | Gained mutation: You are partially covered in sharp spines.
                  | [demonic ancestry]
    96 | D:1      | Reached XP level 2. HP: 20/22 MP: 2/2
   449 | D:1      | Gained mutation: You have sharp fingernails. [demonic
                  | ancestry]
   449 | D:1      | Reached XP level 3. HP: 21/27 MP: 3/3
   544 | D:1      | Reached skill level 4 in Maces & Flails
  1220 | D:2      | Gained mutation: You are mostly covered in sharp spines.
                  | [demonic ancestry]
  1220 | D:2      | Reached XP level 4. HP: 4/33 MP: 4/4
  1298 | D:2      | Slain by a gnoll

Levels and vault maps discovered:
D:1:      kennysheep_arrival_seaside, layout_basic
D:2:      layout_basic, kennysheep_decorative_pillar
D:3:      layout_basic, first_ration

Skill      XL: |  1  2  3 |
---------------+----------+-----
Maces & Flails | 3 4 |  4.5
Fighting       | |  2.0
Throwing       | |  1.7
Dodging        | |  2.6

Action                   |  1- 3 |  4- 6 || total
-------------------------+-------+-------++-------
Melee: Flail             |    64 |     1 ||    65
  Eat: Chunk             |     1 |       ||     1
Armor: Leather armour    |    17 |       ||    17
Dodge: Dodged            |    45 |       ||    45

Table legend:
 A = Non-vault XP
 B = Vault XP
 C = Vault XP percentage of total XP
 D = Non-vault monster count
 E = Vault monster count
 F = Vault count percentage of total count
                 A         B        C        D         E       F
            +---------+---------+-------+---------+---------+-------
      Total |     106 |       0 |   0.0 |      27 |       0 |   0.0
            +---------+---------+-------+---------+---------+-------
        D:1 |      67 |       0 |   0.0 |      17 |       0 |   0.0
        D:2 |      39 |       0 |   0.0 |      10 |       0 |   0.0
            +---------+---------+-------+---------+---------+-------
